 Dungeon Crawl Stone Soup version 0.31-a0-1074-g0b22e4e0f1 (webtiles) character file.

Game seed: 17924459545977940212

219 Rennog the Magician (level 5, -8/54 (57) HPs)
             Began as a Gnoll Wanderer on Dec 6, 2023.
             Mangled by a wraith (9 damage)
             ... in an ossuary.
             The game lasted 00:09:48 (3277 turns).

Rennog the Magician (Gnoll Wanderer)                Turns: 3277, Time: 00:09:49

HP:   -8/54 (57)    AC: 22    Str: 11    XL:     5   Next: 96%
MP:   6/14          EV:  2    Int: 16    God:
Gold: 174           SH:  0    Dex:  9    Spells: 5/18 levels left

rFire   + . .        a - +0 dagger
rCold   + . .        (no shield)
rNeg    + . .        c - melded +0 robe
rPois   +            (helmet currently unavailable)
rElec   +            h - melded +0 cloak
rCorr   +            (gloves currently unavailable)
SInv    .            d - melded +0 pair of boots
Will    .....        (no amulet)
Stlth   ++           j - +4 ring of slaying
HPRegen 0.29/turn    A - ring of positive energy
MPRegen 0.14/turn

%: no passive effects
@: tree-form (expiring), resistant, slowed, drained, very slow
A: stationary, stasis, torment immunity, boosted hp, (fangs 1), strong nose,
distributed training
a: no special abilities


You were in an ossuary.
You were a tree.
You visited 1 branch of the dungeon, and saw 4 of its levels.
You also visited: Ossuary.

You collected 174 gold pieces.

Inventory:

Hand Weapons
 a - a +0 dagger (weapon)
Armour
 c - a +0 robe (melded)
 d - a +0 pair of boots (melded)
 h - a +0 cloak (melded)
 v - a +0 plate armour
Jewellery
 j - a +4 ring of slaying (left branch)
 t - an amulet of faith
 A - a ring of positive energy (right branch)
Wands
 r - a wand of polymorph (14)
Scrolls
 f - a scroll of brand weapon {unknown}
 i - 8 scrolls of identify {unknown}
 m - a scroll of revelation {unknown}
 o - a scroll of vulnerability {unknown}
 q - a scroll of fear
 s - a scroll of silence {unknown}
 x - a scroll of poison {unknown}
 y - 2 scrolls of amnesia {unknown}
 z - a scroll of teleportation {unknown}
Potions
 e - a potion of resistance
 g - a potion of berserk rage {unknown}
 l - a potion of cancellation {unknown}
 n - a potion of invisibility {unknown}
 p - 2 potions of mutation {unknown}
 u - a potion of enlightenment {unknown}
 w - a potion of might {unknown}
 B - a potion of haste {unknown}


   Skills:
 + Level 1.7 Fighting
 + Level 1.7 Short Blades
 + Level 1.7 Long Blades
 + Level 1.7 Axes
 + Level 1.7 Maces & Flails
 + Level 1.7 Polearms
 + Level 1.7 Staves
 + Level 1.7 Ranged Weapons
 + Level 1.7 Throwing
 + Level 1.7 Armour
 + Level 1.7 Dodging
 + Level 4.5 Stealth
 + Level 1.7 Shields
 + Level 1.7 Unarmed Combat
 + Level 7.3 Spellcasting
 + Level 1.3 Conjurations
 + Level 4.0 Hexes
 + Level 1.3 Summonings
 + Level 5.6 Necromancy
 + Level 1.3 Translocations
 + Level 1.3 Transmutations
 + Level 1.3 Fire Magic
 + Level 1.3 Ice Magic
 + Level 1.3 Air Magic
 + Level 1.3 Earth Magic
 + Level 1.3 Poison Magic
 + Level 2.0 Invocations
 + Level 1.7 Evocations
 + Level 1.5 Shapeshifting


You had 5 spell levels left.
You knew the following spells:

 Your Spells              Type           Power      Damage    Failure   Level
a - Necrotise             Necr           92%        1d8       1%          1
b - Blink                 Tloc           20%        N/A       11%         2
c - Vampiric Draining     Necr           23%        2d7       3%          3
d - Tukima's Dance        Hex            18%        N/A       7%          3
e - Dispel Undead         Necr           23%        3d12      12%         4

Your spell library contained the following spells:

 Spells                   Type           Power      Damage    Failure   Level
 Kiss of Death            Conj/Necr      68%        2d10      2%          1
 Slow                     Hex            72%        N/A       2%          1
 Confusing Touch          Hex            18%        N/A       7%          3
 Sigil of Binding         Hex            18%        N/A       7%          3
 Lesser Beckoning         Tloc           20%        N/A       11%         2
 Momentum Strike          Conj/Tloc      20%        3d8       11%         2
 Anguish                  Hex/Necr       10%        N/A       16%         4
 Dimensional Bullseye     Hex/Tloc       7%         N/A       36%         4
 Iskenderun's Mystic Bla  Conj/Tloc      10%        2d4       56%         4


Dungeon Overview and Level Annotations

Branches:
Dungeon (4/15)            Ossuary (1/1)
 Temple: D:4-7

Altars:


Innate Abilities, Weirdness & Mutations

You are a tree.
Your roots penetrate the ground, keeping you stationary.
You cannot be teleported.
You are immune to unholy pain and torment.
Your maximum health is greatly increased.
Your equipment is partially melded.
((You have very sharp teeth.))
Your uncanny sense of smell can sniff out nearby items.
Your experience applies equally to all skills.


Message History

The wraith hits you but does no damage.
You hit the wraith but do no damage.
The wraith is severely damaged.
The wraith hits you but does no damage.
It was a potion of curing.
You feel better. The wraith hits you.
* * * LOW HITPOINT WARNING * * *
The wraith drains your vigour!
You feel as though you will be slow longer.
The wraith hits you but does no damage.
You feel better. The wraith hits you but does no damage.
Your magical contamination has completely faded away.
You hit the wraith but do no damage.
The wraith is severely damaged.
The wraith completely misses you. The wraith hits you but does no damage.
You hit the wraith but do no damage.
The wraith is severely damaged.
The wraith hits you but does no damage.
You hit the wraith but do no damage.
The wraith is severely damaged.
Your transformation is almost over.
The wraith hits you!
* * * LOW HITPOINT WARNING * * *
The wraith drains your vigour!
You feel as though you will be slow longer.
You closely miss the wraith.
The wraith is severely damaged.
The wraith hits you but does no damage. x2
You hit the wraith but do no damage.
The wraith is heavily damaged.
The wraith hits you but does no damage.
You hit the wraith but do no damage.
The wraith is heavily damaged.
The wraith hits you but does no damage. The wraith hits you!
* * * LOW HITPOINT WARNING * * *
The wraith drains your vigour!
You feel as though you will be slow longer.
It was a potion of resistance.
You feel protected. The wraith hits you!
You die...

####.....####.####..#
....................#
.....#.#............#
.....#'#......####..#
.8...#.#...8...'.#..#
.....###......####..#
....................#
....................#
#.#..#.#..#.#..#♣#..#
#+#..#'#..#'#..#W#..#
#∆#..#.#..#.#..#!#..#
###..###..###..###..#
....................#
....................#
#####################


You could see a wraith.

Vanquished Creatures
  Jessica (D:2)
  Terence (D:2)
  3 mummies (Ossuary)
  4 adders
  A gnoll (D:1)
  2 dart slugs (D:3)
  5 ball pythons
  7 endoplasms
  5 giant cockroaches
  10 goblins
  6 hobgoblins
  3 jackals (D:2)
  5 quokkas
  4 bats
  7 frilled lizards
  5 goblin zombies (Ossuary)
  4 hobgoblin zombies (Ossuary)
  3 kobold zombies (Ossuary)
  4 rats
80 creatures vanquished.

Vanquished Creatures (collateral kills)
  A ball python (D:1)
1 creature vanquished.

Grand Total: 81 creatures vanquished

Notes
Turn   | Place    | Note
-------+----------+-------------------------------------------
     0 | D:1      | Rennog the Gnoll Wanderer began the quest for the Orb.
     0 | D:1      | Rennog set off with the following items: a +0 dagger, a
                  | potion of lignification, a +0 robe, a +0 pair of boots; and
                  | the following spells available to memorise: Necrotise,
                  | Slow, Vampiric Draining, Sigil of Binding, Anguish.
     0 | D:1      | Reached XP level 1. HP: 13/13 MP: 8/8
    44 | D:1      | Learned a level 1 spell: Necrotise
    50 | D:1      | Reached XP level 2. HP: 18/20 MP: 5/10
    93 | D:1      | Found a faded altar of an unknown god.
   289 | D:1      | Learned a level 2 spell: Blink
   490 | D:1      | Reached XP level 3. HP: 23/25 MP: 6/11
   702 | D:2      | Learned a level 3 spell: Vampiric Draining
   727 | D:2      | Reached skill level 1 in Invocations
   878 | D:2      | Reached skill level 1 in Fighting
   878 | D:2      | Reached skill level 1 in Short Blades
   878 | D:2      | Reached skill level 1 in Long Blades
   878 | D:2      | Reached skill level 1 in Axes
   878 | D:2      | Reached skill level 1 in Maces & Flails
   878 | D:2      | Reached skill level 1 in Polearms
   878 | D:2      | Reached skill level 1 in Staves
   878 | D:2      | Reached skill level 1 in Ranged Weapons
   878 | D:2      | Reached skill level 1 in Throwing
   878 | D:2      | Reached skill level 1 in Armour
   878 | D:2      | Reached skill level 1 in Dodging
   878 | D:2      | Reached skill level 1 in Shields
   878 | D:2      | Reached skill level 1 in Unarmed Combat
   878 | D:2      | Reached skill level 1 in Evocations
   944 | D:2      | Noticed Jessica
   948 | D:2      | Killed Jessica
   949 | D:2      | Reached skill level 1 in Shapeshifting
   949 | D:2      | Reached XP level 4. HP: 32/32 MP: 9/13
   953 | D:2      | Reached skill level 1 in Conjurations
   953 | D:2      | Reached skill level 1 in Summonings
   953 | D:2      | Reached skill level 1 in Translocations
   953 | D:2      | Reached skill level 1 in Transmutations
   953 | D:2      | Reached skill level 1 in Fire Magic
   953 | D:2      | Reached skill level 1 in Ice Magic
   953 | D:2      | Reached skill level 1 in Air Magic
   953 | D:2      | Reached skill level 1 in Earth Magic
   953 | D:2      | Reached skill level 1 in Poison Magic
  1051 | D:2      | You fall into a shaft and drop 1 floor!
  1076 | D:2      | Noticed Terence
  1082 | D:2      | Killed Terence
  1258 | D:2      | Reached XP level 5. HP: 37/37 MP: 11/14
  1987 | D:3      | Learned a level 3 spell: Tukima's Dance
  2418 | D:4      | Found a sand-covered staircase.
  2427 | Ossuary  | Entered an ossuary
  2427 | Ossuary  | Noticed a wraith
  2427 | Ossuary  | Noticed a wraith
  2427 | Ossuary  | Noticed a wraith
  2448 | Ossuary  | Learned a level 4 spell: Dispel Undead
  3252 | Ossuary  | Noticed a wraith
  3267 | Ossuary  | HP: 2/54 [wraith (4)]
  3276 | Ossuary  | HP: 1/54 [wraith (7)]
  3277 | Ossuary  | Mangled by a wraith

Illustrated notes

Levels and vault maps discovered:
D:1:      nzn_arrival_crosshair, layout_basic, shapermc_ecumenical_altar_gd
D:2:      layout_loops_ring, uniq_robin, uniq_jessica, uniq_terence
D:3:      layout_rooms, minivault_5
D:4:      layout_loops_ring, general_overflow_altar,
          mainiacjoe_ossuary_entry_dusty_tomb
Ossuary:  ossuary_kennysheep_city_of_the_dead

Skill      XL: |  1  2  3  4  5 |
---------------+----------------+-----
Invocations    | 1 2 |  2.0
Fighting       | 1 |  1.7
Short Blades   | 1 |  1.7
Long Blades    | 1 |  1.7
Axes           | 1 |  1.7
Maces & Flails | 1 |  1.7
Polearms       | 1 |  1.7
Staves         | 1 |  1.7
Ranged Weapons | 1 |  1.7
Throwing       | 1 |  1.7
Armour         | 1 |  1.7
Dodging        | 1 |  1.7
Shields        | 1 |  1.7
Unarmed Combat | 1 |  1.7
Evocations     | 1 |  1.7
Shapeshifting  | 1 |  1.5
Conjurations   | 1 |  1.3
Summonings     | 1 |  1.3
Translocations | 1 |  1.3
Transmutations | 1 |  1.3
Fire Magic     | 1 |  1.3
Ice Magic      | 1 |  1.3
Air Magic      | 1 |  1.3
Earth Magic    | 1 |  1.3
Poison Magic   | 1 |  1.3
Hexes          | 4 |  4.0
Stealth        | |  4.5
Spellcasting   | |  7.3
Necromancy     | |  5.6

Action                     |  1- 3 |  4- 6 || total
---------------------------+-------+-------++-------
  Melee: Dagger            |    10 |    36 ||    46
         Bite              |       |     2 ||     2
         Punch             |       |     1 ||     1
   Cast: Necrotise         |    40 |    59 ||    99
         Vampiric Draining |     1 |     9 ||    10
         Dispel Undead     |       |    17 ||    17
    Use: Potion            |       |     4 ||     4
         Scroll            |       |     1 ||     1
   Stab: Sleeping          |     1 |       ||     1
 Armour: Robe              |     9 |    40 ||    49
         Skin              |       |    26 ||    26
  Dodge: Dodged            |    12 |    42 ||    54

Table legend: (Time is in decaauts)
 A = Elapsed time spent in this place.
 B = Non-inter-level travel time spent in this place.
 C = Inter-level travel time spent in this place.
 D = Time resting spent in this place.
 E = Time spent auto-exploring this place.
 F = Levels seen in this place.
 G = Mean time per level.
                   A        B        C        D        E       F      G
               +--------+--------+--------+--------+--------+-----+--------+
         Total |   3281 |   3144 |    137 |     71 |   2544 |   5 |  656.2 |
       Dungeon |   2424 |   2287 |    137 |     71 |   1862 |   4 |  606.0 |
       Ossuary |    856 |    856 |      0 |      0 |    682 |   1 |  856.0 |
               +--------+--------+--------+--------+--------+-----+--------+

Top non-repeatable levels by time:
     D:2: 930 daAuts
 Ossuary: 856 daAuts
     D:3: 726 daAuts
     D:1: 697 daAuts
     D:4: 70 daAuts
